 Dungeon Crawl Stone Soup version 0.21-a0-450-gd87a9b2 (webtiles) character file.

1364 slep the Skirmisher (level 8, -4/61 HPs)
             Began as a Demonspawn Monk on Nov 19, 2017.
             Killed from afar by Blork the orc (5 damage)
             ... with a magic dart
             ... on level 5 of the Dungeon.
             The game lasted 00:19:39 (3295 turns).

slep the Skirmisher (Demonspawn Monk)               Turns: 3295, Time: 00:19:41

Health: -4/61      AC:  8    Str: 13    XL:     8   Next: 38%
Magic:  17/17      EV: 11    Int: 11    God:
Gold:   178        SH: 13    Dex: 17    Spells: 7/7 levels left

rFire    + . .     SeeInvis .   f - +1 spear (venom)
rCold    . . .     Gourm    .   y - +0 large shield
rNeg     . . .     Faith    .   l - +1 ring mail {rF+}
rPois    .         Spirit   .   p - +1 helmet
rElec    .         Reflect  .   q - scarf {cloud immunity}
rCorr    .         Harm     .   (no gloves)
MR       .....                  (no boots)
Stlth    ++........             (no amulet)
HPRegen  1.20/turn              i - ring of magical power
MPRegen  0.15/turn              (no ring)

@: no status effects
A: talons 2, repulsion field 2, powered by death 1
a: no special abilities


You were on level 5 of the Dungeon.
You were not hungry.

You visited 1 branch of the dungeon, and saw 5 of its levels.

You collected 178 gold pieces.

Inventory:

Hand Weapons
 a - a +0 falchion
 e - a +2 hunting sling of freezing
 f - a +1 spear of venom (weapon)
 w - a +4 vampiric scythe
 C - a +1 short sword of freezing
Missiles
 d - 8 tomahawks (quivered)
 F - 34 sling bullets
Armour
 b - a +0 robe
 g - a +0 ring mail
 l - a +1 ring mail of fire resistance (worn)
 p - a +1 helmet (worn)
 q - a scarf of cloud immunity (worn)
 x - a +1 robe of positive energy
 y - a +0 large shield (worn)
Jewellery
 i - a ring of magical power (left hand)
Wands
 o - a wand of iceblast (6/15)
 H - a wand of flame (27/48)
Scrolls
 h - 3 scrolls of identify {unknown}
 j - 3 scrolls of remove curse {unknown}
 m - a scroll of enchant armour {unknown}
 s - a scroll of immolation {unknown}
 u - a scroll of fear {unknown}
 A - a scroll of recharging {unknown}
 B - 2 scrolls of blinking {unknown}
 D - a scroll of magic mapping {unknown}
 E - a scroll of teleportation {unknown}
Potions
 k - a potion of curing
 r - a potion of might
 G - 2 potions of brilliance {unknown}
Comestibles
 c - 2 bread rations
 n - 3 royal jellies
 t - 3 meat rations
 v - 2 chunks of flesh
 z - a fruit


   Skills:
 + Level 4.6 Fighting
 + Level 4.0 Long Blades
 + Level 4.6 Polearms
 + Level 3.2 Armour
 + Level 4.1 Dodging
 + Level 2.8 Stealth
 + Level 4.0 Shields


You had 7 spell levels left.
You didn't know any spells.

Dungeon Overview and Level Annotations

Branches:
Dungeon (5/15)
 Temple: D:4-7

Altars:
Dithmenos
Xom

Annotations:
D:5 Blork the orc


Innate Abilities, Weirdness & Mutations

You have razor-sharp toenails.
You are surrounded by a moderate repulsion field. (EV +3)
You regenerate a little health from kills.


Message History

Your shield and ring mail prevent you from hitting the crimson imp.
You claw the crimson imp.
The crimson imp is severely wounded.
The crimson imp hits you.
* * * LOW HITPOINT WARNING * * *
You hit the crimson imp but do no damage.
The crimson imp is almost dead.
You hear some strange, mumbled words.
A puff of flame appears from out of thin air!
The puff of flame hits you! You resist.
* * * LOW HITPOINT WARNING * * *
The crimson imp misses you.
You hit the crimson imp.
You kill the crimson imp!
Your Shields skill increases to level 4!
Something hits you!
* * * LOW HITPOINT WARNING * * *
A magic dart appears from out of thin air!
The magic dart hits you!
You die...

#.......##..#
#...........#
#...........#
#...........#
#######......#
+.....'......#
#######....#.#
###'##.#
#.@#.# ##.#
##{#+######
#.o.)......
#..........
#....../...
#..........
#...>......
#........oo


You could see an orc.

Vanquished Creatures
  Sigmund (D:2)
  The ghost of kylix the Ruffian, an amateur TrCK of Xom (D:4)
  Eustachio (D:4)
  An ice beast (D:5)
  A centaur (D:5)
  A bullfrog (D:4)
  A scorpion (D:4)
  A howler monkey (D:4)
  4 crimson imps
  3 hounds (D:4)
  3 worker ants
  Ijyb (D:4)
  A worker ant zombie (D:5)
  4 gnolls (D:3)
  7 adders
  An ooze (D:1)
  2 worms
  2 dart slugs
  5 leopard geckos
  16 orcs
  4 giant cockroaches
  3 goblins
  9 hobgoblins
  27 jackals
  2 quokkas (D:3)
  5 ball pythons
  6 bats
  8 frilled lizards
  A jackal skeleton (D:5)
  5 kobolds
  6 rats
133 creatures vanquished.

Notes
Turn   | Place    | Note
-------+----------+-------------------------------------------
     0 | D:1      | slep the Demonspawn Monk began the quest for the Orb.
     0 | D:1      | Reached XP level 1. HP: 18/18 MP: 1/1
   200 | D:1      | Gained mutation: You are surrounded by a mild repulsion field. (EV +2) [demonic ancestry]
   200 | D:1      | Reached XP level 2. HP: 19/24 MP: 2/2
   228 | D:1      | HP: 1/24 [hobgoblin (4)]
   291 | D:1      | Gained mutation: You are surrounded by a moderate repulsion field. (EV +3) [demonic ancestry]
   291 | D:1      | Reached XP level 3. HP: 27/29 MP: 3/3
   976 | D:2      | Reached skill level 1 in Armour
  1005 | D:2      | Noticed Sigmund
  1019 | D:2      | Killed Sigmund
  1019 | D:2      | Reached skill level 1 in Polearms
  1019 | D:2      | Gained mutation: You have sharp toenails. [demonic ancestry]
  1019 | D:2      | Reached XP level 4. HP: 14/37 MP: 4/4
  1019 | D:2      | Reached XP level 5. HP: 16/42 MP: 5/5
  1546 | D:3      | Gained mutation: You regenerate a little health from kills. [demonic ancestry]
  1546 | D:3      | Reached XP level 6. HP: 45/48 MP: 6/6
  1754 | D:3      | Found a shadowy altar of Dithmenos.
  1892 | D:3      | Reached skill level 1 in Shields
  2114 | D:4      | Noticed kylix's ghost (amateur TrCK)
  2117 | D:4      | Noticed Ijyb
  2163 | D:4      | Killed kylix's ghost
  2163 | D:4      | Reached XP level 7. HP: 17/53 MP: 7/7
  2166 | D:4      | Killed Ijyb
  2782 | D:4      | Noticed Eustachio
  2804 | D:4      | Killed Eustachio
  2804 | D:4      | Gained mutation: You have razor-sharp toenails. [demonic ancestry]
  2804 | D:4      | Reached XP level 8. HP: 61/61 MP: 8/8
  2831 | D:4      | Found a shimmering altar of Xom.
  3063 | D:5      | Entered Level 5 of the Dungeon
  3254 | D:5      | Noticed Blork the orc
  3295 | D:5      | HP: 1/61 [something (8)]
  3295 | D:5      | Killed from afar by Blork the orc

Vault maps used:
D:1:      minmay_arrival_widening_spiral_wide, minmay_misc_feat_nine_boxes,
          minmay_tree_intersection, minmay_misc_feat_roman, minmay_pentomino_q4
D:2:      serial_bayou_pond_a, uniq_sigmund
D:3:      st_stairs_13, grunt_decor_mini_mirrors,
          grunt_dithmenos_smoke_and_mirrors
D:4:      led_xom_imps, uniq_eustachio, uniq_ijyb
D:5:      first_bread, uniq_blork_the_orc, uniq_menkaure

Skill      XL: |  1  2  3  4  5  6  7  8 |
---------------+-------------------------+-----
Long Blades    | 3 4 |  4.0
Dodging        | 3 4 |  4.1
Armour         | 1 2 3 |  3.2
Polearms       | 1 2 3 4 |  4.6
Stealth        | 2 |  2.8
Shields        | 1 3 4 |  4.0
Fighting       | 4 |  4.6

Action                   |  1- 3 |  4- 6 |  7- 9 || total
-------------------------+-------+-------+-------++-------
Melee: Falchion          |    70 |       |       ||    70
       Spear             |    63 |   192 |   204 ||   459
       Kick              |       |    34 |    57 ||    91
  Use: Potion            |     1 |     5 |       ||     6
 Stab: Sleeping          |     2 |     4 |       ||     6
  Eat: Chunk             |     1 |     3 |     5 ||     9
Armor: Ring mail         |    45 |    35 |    37 ||   117
       Skin              |       |    11 |     1 ||    12
Dodge: Dodged            |    75 |    54 |    57 ||   186
Block: Large shield      |       |   105 |   116 ||   221
       Rpst.: Falchion   |    16 |       |       ||    16

Table legend:
 A = Spawn XP
 B = Non-spawn XP
 C = Spawn XP percentage of total XP
 D = Spawn monster count
 E = Non-spawn monster count
 F = Spawn count percentage of total count
 G = Total turns spent on level
                    A         B        C        D         E        F      G
               +---------+---------+-------+---------+---------+-------+---------
         Total |       0 |    1949 |   0.0 |       0 |     133 |   0.0 |  3295
               +---------+---------+-------+---------+---------+-------+---------
           D:1 |       0 |      59 |   0.0 |       0 |      31 |   0.0 |   745
           D:2 |       0 |     260 |   0.0 |       0 |      21 |   0.0 |   646
           D:3 |       0 |     214 |   0.0 |       0 |      36 |   0.0 |   661
           D:4 |       0 |    1067 |   0.0 |       0 |      32 |   0.0 |  1011
           D:5 |       0 |     349 |   0.0 |       0 |      13 |   0.0 |   232
               +---------+---------+-------+---------+---------+-------+---------
